AoeStats
← Redson

Black Forest

510212550Analyzed
4v4 RM · 2d ago on Sep 30, 2026· 56m 16s· 8 players
Game mode
Random Map
Map size
Large (8 player)
Population
200
Speed
Normal
Resources
Standard
Victory
Conquest
Starting age
Dark Age
Ending age
Imperial Age
RankedLock teamsTeams togetherTeam positionsShared explorationLock speedFull tech treeHidden civsTurbo modeCheats
Victory
Defeat
🇨🇳 Italians · China
927
+15
🇵🇪 Khmer · Peru
897
+16
🇺🇸 Maya · United States
893
+16
🇺🇸 Celts · United States
888
+16
🇨🇴 Teutons · Colombia
922
-17
🇨🇴 Burgundians · Colombia
911
-16
🇨🇴 Vietnamese · Colombia
874
-15
🇨🇴 Bohemians · Colombia
867
-15
GodLyCrisCo
0:30 Loom
14:36 Feudal Age
20:59 Castle Age
20:20 Double-Bit Axe
20:17 Horse Collar
23:08 Wheelbarrow
22:49 Bow Saw
22:58 Gold Mining
34:13 Imperial Age
32:19 Eagle Warrior
33:01 Squires
32:47 Arson
33:00 Fletching
33:11 Padded Archer Armor
33:22 Forging
33:12 Scale Mail Armor
33:59 Stone Mining
35:05 Bodkin Arrow
35:26 Leather Archer Armor
36:02 Conscription
36:09 Hand Cart
36:27 Bracer
37:56 Stone Shaft Mining
37:24 Heavy Plow
37:41 Thumb Ring
38:49 Ballistics
40:08 Chemistry
38:35 Elite Plumed Archer
39:07 Elite Skirmisher
40:53 Caravan
41:14 Hul'che Javelineers
42:36 Ring Archer Armor
41:58 Town Watch
43:33 Two-Man Saw
48:21 Crossbowman
50:09 Elite Eagle Warrior
51:22 Holcans
52:37 Iron Casting
52:18 Chain Mail Armor
Blue
0:35 Loom
16:17 Feudal Age
23:51 Castle Age
21:41 Double-Bit Axe
26:50 Wheelbarrow
28:15 Stone Mining
32:49 Hand Cart
35:15 Gold Mining
38:44 Imperial Age
36:33 Crossbowman
38:39 Gold Shaft Mining
38:16 Elite Skirmisher
39:34 Heavy Scorpion
40:54 Conscription
45:54 Man-at-Arms
46:19 Gambesons
48:25 Cavalier
49:06 Husbandry
50:10 Paladin
war_xtreme
0:52 Loom
21:15 Feudal Age
23:58 Castle Age
22:22 Double-Bit Axe
22:53 Gold Mining
27:11 Imperial Age
24:58 Padded Archer Armor
24:49 Fletching
25:26 Bow Saw
27:27 Leather Archer Armor
27:08 Bodkin Arrow
35:28 Light Cavalry
37:49 Scale Barding Armor
38:28 Husbandry
40:48 Scale Mail Armor
42:03 Bloodlines
42:39 Forging
45:30 Ring Archer Armor
55:56 Chain Barding Armor
55:52 Chain Mail Armor
55:38 Bracer
55:41 Caravan
56:12 Coinage
495556203
0:28 Loom
11:39 Feudal Age
13:01 Wheelbarrow
12:08 Horse Collar
12:17 Double-Bit Axe
12:25 Gold Mining
12:29 Stone Mining
13:27 Town Watch
19:58 Castle Age
21:06 Hand Cart
20:55 Heavy Plow
21:08 Bow Saw
21:36 Stone Shaft Mining
22:36 Fletching
23:24 Padded Archer Armor
27:48 Bodkin Arrow
28:09 Leather Archer Armor
28:07 Forging
28:11 Squires
28:43 Ballistics
33:16 Imperial Age
32:05 Scale Barding Armor
32:36 Iron Casting
32:02 Scale Mail Armor
32:43 Town Patrol
33:14 Caravan
33:46 Coinage
33:48 Chain Barding Armor
32:55 Light Cavalry
33:37 Husbandry
33:49 Bloodlines
34:41 Ring Archer Armor
34:11 Bracer
35:13 Blast Furnace
35:43 Chain Mail Armor
36:31 Chemistry
35:26 Murder Holes
35:31 Hussar
37:08 Crop Rotation
37:46 Two-Man Saw
38:41 Elite Genoese Crossbowman
40:10 Plate Barding Armor
40:20 Banking
40:00 Guilds
juanthestone
0:28 Loom
12:09 Feudal Age
11:40 Double-Bit Axe
20:06 Castle Age
20:05 Scale Barding Armor
21:10 Husbandry
22:09 Wheelbarrow
22:35 Chain Barding Armor
23:24 Hand Cart
23:51 Cavalier
31:51 Forging
32:21 Gold Mining
32:42 Bow Saw
32:14 Horse Collar
35:40 Imperial Age
36:42 Treadmill Crane
39:05 Chemistry
38:26 Ballistics
37:28 Elite Skirmisher
38:27 Imperial Skirmisher
39:44 Fletching
39:54 Padded Archer Armor
41:16 Two-Man Saw
40:17 Heavy Plow
45:22 Conscription
46:14 Hoardings
46:55 Leather Archer Armor
VodkAlejo
6:15 Loom
12:49 Feudal Age
13:19 Double-Bit Axe
13:57 Horse Collar
20:45 Castle Age
22:50 Fervor
22:50 Heavy Plow
24:25 Bow Saw
26:59 Wheelbarrow
26:02 Crossbowman
27:23 Fletching
29:52 Chemistry
30:50 Hand Cart
30:41 Bodkin Arrow
31:35 Ballistics
31:43 Town Watch
36:11 Imperial Age
35:15 Padded Archer Armor
36:24 Arbalester
37:06 Bracer
37:22 Leather Archer Armor
38:13 Town Patrol
39:23 Two-Man Saw
40:00 Ring Archer Armor
41:51 Conscription
41:39 Wagenburg Tactics
41:36 Houfnice
46:13 Elite Hussite Wagon
47:02 Siege Engineers
Redson
2:06 Loom
16:13 Feudal Age
22:16 Castle Age
20:45 Horse Collar
23:05 Man-at-Arms
24:10 Forging
26:41 Long Swordsman
32:55 Imperial Age
33:34 Iron Casting
33:00 Scale Mail Armor
33:36 Two-Handed Swordsman
36:44 Champion
38:42 Chain Mail Armor
44:23 Onager
46:33 Plate Mail Armor
Valterito
0:30 Loom
13:30 Feudal Age
14:04 Double-Bit Axe
15:48 Gold Mining
19:27 Castle Age
17:55 Stone Mining
18:36 Horse Collar
20:34 Bow Saw
31:12 Imperial Age
30:20 Wheelbarrow
31:49 Fletching
32:33 Heavy Plow
33:16 Bodkin Arrow
34:38 Two-Man Saw
36:34 Chemistry
35:53 Bracer
38:01 Padded Archer Armor
38:24 Ballistics
39:04 Elite Rattan Archer
40:33 Elite Skirmisher
41:21 Thumb Ring
42:31 Leather Archer Armor
43:09 Imperial Skirmisher
45:05 Treadmill Crane
46:35 Ring Archer Armor
Connection lost

Rejoining the realm…

Still unreachable

The connection could not be restored.

Session expired

The server has moved on; the page needs a fresh start.